[Event "Sautron op 13th"]
[Site "Sautron"]
[Date "2013.11.01"]
[Round "8"]
[White "Lejarre, Ludovic"]
[Black "Bailet, Pierre"]
[Result "1/2-1/2"]
[ECO "C85"]
[WhiteElo "2371"]
[BlackElo "2474"]
[Annotator "RR"]
[PlyCount "111"]
[EventDate "2013.10.26"]
[EventType "swiss"]
[EventRounds "9"]
[EventCountry "FRA"]
[SourceTitle "EXT 2016"]
[Source "ChessBase"]
[SourceDate "2015.10.08"]
[SourceVersion "1"]
[SourceVersionDate "2015.10.08"]
[SourceQuality "1"]
[TimeControl "40/5400+30:1800+30"]
[WhiteClock "1:30:00"]
[BlackClock "1:30:00"]

1. e4 e5 2. Nf3 Nc6 3. Bb5 a6 4. Ba4 Nf6 5. O-O Be7 6. Bxc6
{[%emt 0:03:37] La variante d'échange différée} (6. Re1) 6... dxc6 7. Qe1 (7. d3) 7... Nd7 (7... c5 8.
Nxe5 Qd4 9. Nf3 Qxe4 10. Qxe4 Nxe4 {Anand,V (2650)-Short,N (2660) Tilburg 1991
(7) 1/2}) 8. b3 O-O 9. Bb2 Bd6 (9... f6 10. d4 exd4 11. Nxd4 Nc5 12. Na3 $5 {Kovalev,A 
(2545)-Biolek,R (2415) Ostrava 1993 1-0}) 10. d3 (10. d4 exd4
11. Nxd4 Re8 12. Nd2 Ne5 13. Rd1 c5 14. Ne2 Qh4 15. Ng3 Nc6 16. f4 Bg4 17. Rb1
f6 18. e5 fxe5 19. f5 Rf8 20. Qe4 h5 21. Nc4 Rf7 22. Rf2 Raf8 23. Rbf1 Kh8 24.
Ne3 Be7 25. Nd5 Bd8 26. Ba3 b6 27. Ne3 Nd4 28. Bc1 Bg5 29. c3 Nb5 30. Nxg4 hxg4
31. Bxg5 Qxg5 32. c4 Nd6 33. Qxe5 a5 34. Kh1 Re7 35. Qb2 Ne4 36. Nxe4 Rxe4 37.
g3 Rf6 38. Qc2 Qe3 39. Rd2 Rh6 {Shabalov,A (2611)-Safarli,E (2594) Moscow 2010
1/2-1/2}) 10... Re8 11. Nbd2 Nf8 12. Nc4 Ng6 13. Qe3 c5 14. a4 a5 15. Kh1 $146 (15. h4 f6 16. g3 Qd7 17. Nh2 Qh3 18. Qf3 Ne7 19.
Ne3 Rf8 20. Nhg4 h5 21. Nh2 g6 22. Ng2 Nc6 23. Qe3 Kg7 24. f4 Nd4 25. Rf2 Qe6
26. Nf3 Bd7 27. Raf1 Qe7 28. fxe5 fxe5 29. Ng5 Rxf2 30. Qxf2 Rf8 31. Qxf8+ Qxf8
32. Rxf8 Kxf8 33. Ne3 b6 34. Kf2 {1/2-1/2 (34) Saulin,D (2375)-Kholmov,R (2465)
Moscow 1997}) 15... b6 16. Ng1 $5 Bb7 17. Ne2 f5 $1 18. exf5 Nh4 19. f3 Nxf5
$132 20. Qf2 Nd4 21. Ng3 Rf8 22. Rae1 Qe7 23. Ne4 Rab8 $6 {[%emt 0:01:09] Un coup
bizarre} (23... Rae8 {Plus naturel}) 24. Bxd4 cxd4 25. Nexd6 cxd6 26. Qxd4 Rf6 27. Qe3 Rh6 $1 28. h3 (28. Qf2 Rf8 29. Qg3 Rg6) 28... Rf8 29. Rf2 {[%emt 0:05:33][%cal Gf2h2] Anticipant un sacrifice en
h3} (29. Nxb6 Qe6 $1 ) 29... Qh4 $44 30.
Nd2 Rf5 (30... d5 31. Rfe2 Rf5) 31. Kh2 Rg6 32. Nf1 d5 $36 {[%emt 0:
00:42] Les pièces Noires sont trés actives contrairement à celle du rennais}
33. d4 $1 exd4 34. Qd2 h6 (34... d3 $5 35. cxd3 (35. Re8+) 35... d4 ) 35.
Re8+ Kh7 36. Ree2 $6 $138 Ba6 37. Re1 h5 38. g3 Qf6 39. f4 Rh6 40. Rd1 g5 $1 41. Qxd4 gxf4 42. Rxf4 Rxf4 43. Qxf4 Qxf4 44. gxf4 Bxf1 45. Rxf1 Rc6 46.
Rf2 Rc3 (46... Kg6) 47. Rd2 Kg6 48. Rxd5 Rxc2+ 49. Kg3
Rc3+ 50. Kh4 Rxb3 $11 51.
Rg5+ Kf6 52. Rxh5 Rb4 53. Kg4 Kg7 54. Rg5+ Kf7 55. Rf5+ Kg7 56. Rg5+ 1/2-1/2